 Dungeon Crawl Stone Soup version 0.16-a0-3761-g2321f2b (webtiles) character file.

10619 Leibowitz the Spear-Bearer (level 11, -2/89 HPs)
             Began as a Merfolk Gladiator on Jan 24, 2015.
             Was a High Priest of Okawaru.
             Slain by a spectral orc warrior
             ... wielding a +0 trident
             ... summoned by Nergalle
              (6 damage)
             ... on level 2 of the Lair of Beasts.
             The game lasted 00:52:51 (12353 turns).

Leibowitz the Spear-Bearer (Merfolk Gladiator)     Turns: 12353, Time: 00:52:51

Health: -2/89      AC: 11    Str: 15    XL:     11   Next: 64%
Magic:  13/13      EV: 21    Int: 11    God:    Okawaru [*****.]
Gold:   588        SH:  0    Dex: 23    Spells: 0 memorised, 10 levels left

rFire  + . .     SeeInvis .     a - +1 halberd of Glory {freeze, rF- Int+2 Dex+6}
rCold  . . .     Clarity  .     q - +1 scale mail {rF+}
rNeg   . . .     SustAb   .     (no shield)
rPois  +         Gourm    .     c - +0 helmet
rElec  .         Spirit   .     (no cloak)
rCorr  .         Warding  .     (no gloves)
rMut   .         Stasis   .     j - +0 pair of boots
MR     .....                    (no amulet)
Stlth  ++++......               l - ring of poison resistance
                                h - ring of protection from fire

@: heroism, heavily drained, not resistant to hostile enchantments, stealthy
A: change form in water, swift swim
a: Heroism, Finesse, Renounce Religion


You were on level 2 of the Lair of Beasts.
You worshipped Okawaru.
Okawaru was extremely pleased with you.
You were not hungry.

You visited 3 branches of the dungeon, and saw 12 of its levels.

You collected 588 gold pieces.

Inventory:

Hand weapons
 a - the +1 halberd of Glory (weapon) {freeze, rF- Int+2 Dex+6}
   (Okawaru gifted it to you on level 1 of the Lair of Beasts)

   It has been specially enchanted to freeze those struck by it, causing extra
   injury to most foes and up to half again as much damage against particularly
   susceptible opponents.
   It can also slow down cold-blooded creatures.
   It affects your intelligence (+2).
   It affects your dexterity (+6).
   It makes you vulnerable to fire.
 b - a -1 blowgun
 o - a +0 trident
Missiles
 K - 54 poisoned needles
Armour
 c - a +0 helmet (worn)
 j - a +0 pair of boots (worn)
 m - a +1 robe of positive energy
 q - a +1 scale mail of fire resistance (worn)
Jewellery
 h - a ring of protection from fire (left hand)
 l - a ring of poison resistance (right hand)
 p - an uncursed ring of magical power
Magical devices
 e - a wand of cold (13)
 n - a wand of fire (3)
 s - a wand of lightning (3)
 t - a wand of frost (17)
 w - a wand of paralysis (2)
 x - a wand of flame (20)
 y - a wand of digging (7)
 z - a wand of polymorph (6)
 C - a wand of frost (13)
 D - a wand of fire (8)
 I - a wand of magic darts (20)
Scrolls
 g - 6 scrolls of identify
 i - 5 scrolls of remove curse
 r - 3 scrolls of enchant armour
 E - 3 scrolls of magic mapping
 G - a scroll of amnesia
 J - a scroll of teleportation
Potions
 d - a potion of curing
 k - a potion of magic
 A - 2 potions of agility
 B - 2 potions of flight
 L - a potion of might
Comestibles
 f - 5 bread rations
 u - 2 slices of pizza
 v - 9 fruits
 F - 3 meat rations
 M - a chunk of flesh


   Skills:
 * Level 9.2(11.1) Fighting
 * Level 13.5(15.2) Polearms
 + Level 4.4(6.7) Throwing
 + Level 4.7(7.0) Armour
 * Level 11.7(13.5) Dodging
 * Level 7.2(9.3) Stealth
 + Level 1.0(0.0) Invocations
 + Level 1.4(0.0) Evocations


You had 10 spell levels left.
You didn't know any spells.

Dungeon Overview and Level Annotations

Branches:
Dungeon (9/15)             Temple (1/1) D:5            Lair (2/8) D:9
    Orc: D:9-12

Altars:
Ashenzari
Cheibriados
Dithmenos
Elyvilon
Fedhas
Gozag
Kikubaaqudgha
Makhleb
Nemelex Xobeh
Okawaru
Qazlal
Ru
Sif Muna
Trog
Vehumet
Xom
Yredelemnul
Zin
The Shining One

Annotations:
Lair:2 Nergalle


Message History

* * * LOW HITPOINT WARNING * * *
The spectral orc warrior misses you. Nergalle hits you but does no damage.
You hit Nergalle but do no damage.
Nergalle is almost dead.
The spectral orc knight closely misses you.
The spectral orc warrior hits you with a trident.
* * * LOW HITPOINT WARNING * * *
The spectral orc warrior barely misses you.
You hit Nergalle but do no damage.
Nergalle is almost dead.
The spectral orc warrior completely misses you.
Nergalle hits you but does no damage.
The spectral orc warrior barely misses you.
The spectral orc warrior completely misses you.
The spectral orc warrior misses you.
You barely miss Nergalle.
Nergalle is almost dead.
The spectral orc knight completely misses you.
The spectral orc warrior hits you with a trident.
You die...

##### ##...# ##
##....##.##
###.......#...
##.............
#..............
.......ZoZ....#
......>Z@...P.#
........ZZ.P###
.....P....###
#.......#.#
##......##
##......#
#P......####
#...#P...#.#
...####...###


You could see Nergalle, 4 spectral orc warriors and a spectral orc knight.

Vanquished Creatures
  A hydra (Lair:1)
  A spiny frog (Lair:2)
  A komodo dragon (Lair:1)
  7 blink frogs (Lair:1)
  A two-headed ogre (D:9)
  A deep elf mage (D:9)
  Grum (D:8)
  A hippogriff (Lair:1)
  5 wolves
  10 yaks
  5 water moccasins
  3 porcupines (Lair:1)
  3 black bears
  2 orc warriors
  4 ogres
  4 centaurs
  The ghost of megamayne420 the Chopper, an average DrBe of Trog (D:4)
  A phantom (D:8)
  5 crocodiles
  Blork the orc (D:9)
  11 giant frogs
  A water moccasin zombie (D:9)
  2 scorpions
  3 killer bees (D:8)
  2 centaur zombies
  4 wights (D:8)
  3 crimson imps
  6 hounds
  2 quasits
  A wasp zombie (D:8)
  3 jellies
  3 orc priests
  3 iguanas
  A giant frog skeleton (D:8)
  7 orc wizards
  3 worker ants
  4 sheep (Lair:2)
  2 hound skeletons (D:8)
  15 adders
  14 river rats (Lair:1)
  2 shadow imps
  2 worms (D:2)
  3 giant geckos
  33 orcs
  14 bats
  12 goblins
  16 hobgoblins
  10 jackals
  12 kobolds
  10 quokkas
  3 giant cockroaches
  4 giant newts
  10 rats
279 creatures vanquished.

Vanquished Creatures (collateral kills)
  A komodo dragon (D:9)
  A plant (D:9)
2 creatures vanquished.

Grand Total: 281 creatures vanquished

Notes
Turn   | Place    | Note
--------------------------------------------------------------
     0 | D:1      | Leibowitz, the Merfolk Gladiator, began the quest for the Orb.
     0 | D:1      | Reached XP level 1. HP: 16/16 MP: 1/1
   144 | D:1      | Reached XP level 2. HP: 21/23 MP: 2/2
   217 | D:1      | Reached skill level 5 in Polearms
   414 | D:1      | Reached XP level 3. HP: 26/28 MP: 3/3
   692 | D:2      | Gained mutation: You have supernaturally acute eyesight. [potion of mutation]
   692 | D:2      | Gained mutation: You are partially covered in thin metallic scales (AC +2). [potion of mutation]
   692 | D:2      | Gained mutation: You are dopey. (Int -2) [potion of mutation]
   868 | D:2      | Found a bloodstained altar of Trog.
   869 | D:2      | Found a glowing golden altar of the Shining One.
   912 | D:2      | Reached XP level 4. HP: 34/34 MP: 4/4
   958 | D:2      | Found an iron altar of Okawaru.
   968 | D:2      | Became a worshipper of Warmaster Okawaru
  1034 | D:2      | Reached skill level 5 in Dodging
  1488 | D:3      | Reached skill level 6 in Polearms
  1488 | D:3      | Reached XP level 5. HP: 18/41 MP: 5/5
  2041 | D:3      | Found a deep blue altar of Sif Muna.
  2430 | D:4      | Reached XP level 6. HP: 42/47 MP: 6/6
  2497 | D:4      | Found a white marble altar of Elyvilon.
  2585 | D:4      | Noticed megamayne420's ghost (average DrBe)
  2618 | D:4      | Killed megamayne420's ghost
  2618 | D:4      | Acquired Okawaru's first power
  2618 | D:4      | Reached skill level 7 in Polearms
  2810 | D:4      | Found a shimmering altar of Xom.
  2916 | D:4      | Found a glowing silver altar of Zin.
  2928 | D:4      | Found a basalt altar of Yredelemnul.
  2944 | D:4      | Found a radiant altar of Vehumet.
  3009 | D:4      | Found a white marble altar of Elyvilon.
  3076 | D:5      | Entered Level 5 of the Dungeon
  3123 | D:5      | You fall through a shaft for 3 floors!
  3178 | D:8      | Reached skill level 1 in Armour
  3304 | D:6      | Reached XP level 7. HP: 54/54 MP: 7/7
  3434 | D:6      | Reached skill level 1 in Stealth
  3681 | D:5      | Reached skill level 8 in Polearms
  4112 | D:5      | Found a staircase to the Ecumenical Temple.
  4122 | Temple   | Entered the Ecumenical Temple
  4345 | D:6      | Reached XP level 8. HP: 61/61 MP: 8/8
  4432 | D:6      | Found a shadowy altar of Dithmenos.
  4448 | D:6      | Reached skill level 5 in Fighting
  5110 | D:7      | Reached skill level 9 in Polearms
  5330 | D:7      | Found an opulent altar of Gozag.
  5330 | D:7      | Found a stormy altar of Qazlal.
  5331 | D:7      | Found a sparkling altar of Nemelex Xobeh.
  5521 | D:7      | Found a deep blue altar of Sif Muna.
  5932 | D:8      | Reached skill level 1 in Evocations
  6172 | D:8      | Noticed a wolf
  6183 | D:8      | Reached XP level 9. HP: 38/69 MP: 7/10
  6189 | D:8      | Killed a wolf
  6438 | D:8      | Lost mutation: You have supernaturally acute eyesight. [potion of cure mutation]
  6438 | D:8      | Lost mutation: You are dopey. (Int -2) [potion of cure mutation]
  6438 | D:8      | Lost mutation: You are partially covered in thin metallic scales (AC +2). [potion of cure mutation]
  6489 | D:8      | Noticed a wolf
  6501 | D:8      | Noticed Grum
  6527 | D:8      | HP: 3/69 [wolf[Grum] (9)]
  6563 | D:7      | Killed a wolf
  6851 | D:7      | Reached skill level 10 in Polearms
  6972 | D:8      | Killed Grum
  7286 | D:7      | Reached skill level 5 in Stealth
  8173 | D:9      | Reached skill level 11 in Polearms
  8317 | D:9      | Found a white marble altar of Elyvilon.
  8359 | D:9      | Reached XP level 10. HP: 77/77 MP: 11/11
  8457 | D:9      | Noticed Blork the orc
  8472 | D:9      | Killed Blork the orc
  8829 | D:9      | Found a staircase to the Lair.
  8830 | D:9      | Noticed a komodo dragon
  8841 | D:9      | Killed a komodo dragon
  8841 | D:9      | Reached skill level 10 in Dodging
  9254 | D:9      | Acquired Okawaru's second power
  9351 | Lair:1   | Entered Level 1 of the Lair of Beasts
  9922 | Lair:1   | Received a gift from Okawaru
 10176 | Lair:1   | Reached skill level 12 in Polearms
 10606 | Lair:1   | Reached XP level 11. HP: 64/86 MP: 11/13
 11159 | Lair:1   | Noticed a five-headed hydra
 11186 | Lair:1   | Killed a five-headed hydra
 11186 | Lair:1   | Reached skill level 13 in Polearms
 11186 | Lair:1   | Reached skill level 1 in Invocations
 11243 | Lair:1   | HP: 4/87 [yak (7)]
 11566 | Lair:1   | Found a shadowy altar of Dithmenos.
 11748 | Lair:1   | Received a gift from Okawaru
 11751 | Lair:1   | Got a fine halberd {god gift}
 11752 | Lair:1   | Identified the +1 halberd of Glory {freeze, rF- Int+2 Dex+6} (Okawaru gifted it to you on level 1 of the Lair of Beasts)
 12286 | Lair:2   | Noticed Nergalle
 12351 | Lair:2   | HP: 4/89 [spectral orc warrior/trident[Nergalle] (2)]
 12353 | Lair:2   | Slain by a spectral orc warrior

Action                   |  1- 3 |  4- 6 |  7- 9 | 10-12 || total
-------------------------+-------+-------+-------+-------++-------
Melee: Trident           |   151 |   226 |   558 |   212 ||  1147
       Halberd           |       |       |       |   307 ||   307
 Fire: Blowgun           |       |    11 |    47 |    63 ||   121
Throw: Throwing net      |     3 |     1 |     2 |       ||     6
Invok: Heroism           |       |       |     1 |     5 ||     6
Evoke: Wand              |       |       |    14 |     2 ||    16
       Phantom mirror    |       |       |       |     1 ||     1
  Use: Potion            |     4 |     6 |     8 |     1 ||    19
       Scroll            |       |     7 |     3 |     3 ||    13
 Stab: Held in net/web   |       |       |     3 |       ||     3
       Sleeping          |       |       |     2 |     3 ||     5
  Eat: Chunk             |       |     8 |    16 |    13 ||    37
       Fruit             |       |       |     2 |       ||     2
